 Dungeon Crawl Stone Soup version 0.19.5 (webtiles) character file.

23 vatarom the Gusty (level 3, -1/28 HPs)
             Began as a Tengu Air Elementalist on Mar 10, 2017.
             Slain by a hobgoblin
             ... wielding a +0 club
              (2 damage)
             ... on level 1 of the Dungeon.
             The game lasted 00:02:25 (879 turns).

vatarom the Gusty (Tengu Air Elementalist)           Turns: 879, Time: 00:02:26

Health: -1/28      AC:  2    Str: 13    XL:     3   Next: 0%
Magic:  0/7        EV: 12    Int: 16    God:
Gold:   39         SH:  0    Dex: 14    Spells: 3 memorised, 1 level left

rFire  . . .     SeeInvis .     (no weapon)
rCold  . . .     Gourm    .     d - +0 robe (curse)
rNeg   . . .     Faith    .     (no shield)
rPois  .         Spirit   .     (helmet restricted)
rElec  .         Reflect  .     (no cloak)
rCorr  .         Harm     .     (no gloves)
MR     .....                    (boots unavailable)
Stlth  ..........               (no amulet)
                                (no ring)
                                (no ring)

@: berserking, very slightly contaminated, very quick
A: beak, talons 3
a: no special abilities


You were on level 1 of the Dungeon.
You were hungry.

You visited 1 branch of the dungeon, and saw 2 of its levels.

You collected 39 gold pieces.

Inventory:

Armour
 d - a cursed +0 robe (worn)
Scrolls
 a - 2 scrolls of identify
Books
 b - a book of Air

   Spells                             Type                      Level
   a - Shock                          Conjuration/Air              1
   b - Swiftness                      Charms/Air                   2
   c - Repel Missiles                 Charms/Air                   2
   d - Static Discharge               Conjuration/Air              3
   e - Lightning Bolt                 Conjuration/Air              5
Comestibles
 c - a bread ration
 h - a meat ration


   Skills:
 - Level 2.1 Dodging
 - Level 2.0 Stealth
 - Level 2.0 Spellcasting
 - Level 1.3 Conjurations
 + Level 5.4 Air Magic


You had one spell level left.
You knew the following spells:

 Your Spells              Type           Power        Failure   Level  Hunger
a - Shock                 Conj/Air       ##..         8%          1    #......
b - Repel Missiles        Chrm/Air       ##....       12%         2    ###....
c - Swiftness             Chrm/Air       ##......     12%         2    ###....


Dungeon Overview and Level Annotations

Branches:
Dungeon (2/15)

Altars:


Innate Abilities, Weirdness & Mutations

You have a beak for a mouth.
You have claws for feet.


Message History

Casting: Shock
Confirm with . or Enter, or press ? or * to list all spells.
You don't have enough magic to cast that spell.
You barely miss the jackal. Your kick misses the jackal.
Your peck misses the jackal.
The jackal is almost dead.
The jackal misses you.
The jackal bites you but does no damage.
You hit the jackal but do no damage. You claw the jackal, but do no damage.
The jackal is almost dead.
The jackal closely misses you.
You closely miss the jackal. Your kick misses the jackal.
You peck the jackal, but do no damage.
The jackal is almost dead.
The jackal barely misses you.
The jackal bites you but does no damage.
A red film seems to cover your vision as you go berserk!
You feel yourself moving faster!
You feel mighty! The jackal barely misses you.
The hobgoblin hits you with a club.
You die...

#..........# ### #........
#..........# #.# #........
###..##.#### #.# #.......>
#†###.# #.## #........ #.# #.##
#######..###........ #.# #..#
#..........#........
##.####.#####.......##...)......
##..........................(....
#(..####.#####..@..........######
....####.# #.gh.....##...## #
.......#.# #........##....# #
.......#.# #...........#..##
.......#.### ###.##....###...# #
...........####..##...## #.#.# ##
....>..###..#.....#..## #.#.###.
#......# #..##(..##..#####.#..÷..
#......# ####..#..#####.......#..


You could see a jackal and a hobgoblin.

Vanquished Creatures
  A worm (D:2)
  A leopard gecko (D:2)
  A giant cockroach (D:1)
  2 hobgoblins (D:1)
  2 jackals (D:1)
  4 bats (D:1)
  2 frilled lizards
  A goblin (D:1)
  3 kobolds (D:1)
  3 rats (D:1)
20 creatures vanquished.

Notes
Turn   | Place    | Note
-------+----------+-------------------------------------------
     0 | D:1      | vatarom the Tengu Air Elementalist began the quest for the Orb.
     0 | D:1      | Reached XP level 1. HP: 10/10 MP: 4/4
    99 | D:1      | Reached XP level 2. HP: 5/15 MP: 0/6
   103 | D:1      | Learned a level 2 spell: Repel Missiles
   106 | D:1      | Learned a level 2 spell: Swiftness
   624 | D:1      | Reached skill level 5 in Air Magic
   873 | D:1      | Reached XP level 3. HP: 3/19 MP: 1/7
   879 | D:1      | Slain by a hobgoblin

Skill      XL: |  1  2 |
---------------+-------+-----
Air Magic      | 5 |  5.4
Dodging        | |  2.1
Stealth        | |  2.0
Spellcasting   | |  2.0
Conjurations   | |  1.3

Action                   || total
-------------------------++-------
Melee: Unarmed           ||    25
       Peck              ||     4
       Kick              ||     3
 Cast: Shock             ||    37
  Use: Scroll            ||     5
       Potion            ||     4
Armor: Robe              ||     8
       Skin              ||    13
Dodge: Dodged            ||    23
